 Dungeon Crawl Stone Soup version 0.20.1-1-g8b1a95d (webtiles) character file.

9572 vatarom the Fighter (level 11, -10/115 HPs)
             Began as a Troll Transmuter on Sept 12, 2017.
             Was a Follower of Ashenzari.
             Mangled by a shadow (26 damage)
             ... on level 11 of the Dungeon.
             The game lasted 00:15:20 (7808 turns).

vatarom the Fighter (Troll Transmuter)              Turns: 7808, Time: 00:15:21

Health: -10/115    AC:  7    Str: 23    XL:     11   Next: 24%
Magic:  11/11      EV: 13    Int: 14    God:    Ashenzari [*.....]
Gold:   656        SH:  0    Dex: 10    Spells: 8/12 levels left

rFire    + . .     SeeInvis .     - Unarmed
rCold    + . .     Gourm    +   (no shield)
rNeg     . . .     Faith    .   s - +1 robe {rF+} (curse)
rPois    .         Spirit   .   (helmet restricted)
rElec    .         Reflect  .   o - +0 cloak (curse)
rCorr    .         Harm     .   (gloves unavailable)
MR       .....     Clarity  +   (boots unavailable)
Stlth    +.........             n - amulet of regeneration (curse)
Regen    1.1/turn               x - ring of protection from cold (curse)
MPRegen  0.2/turn               B - ring "Onerymak" {Str+3 Int+2} (curse)

@: no status effects
A: unfitting armour, claws 3, talons 1, clarity, fast metabolism 3, gourmand,
regeneration 1, shaggy fur 1, tough skin 2
a: Curse Item, Scrying, Renounce Religion


You were on level 11 of the Dungeon.
You worshipped Ashenzari.
Ashenzari was aware of your devotion.
You were completely stuffed.

You visited 2 branches of the dungeon, and saw 12 of its levels.
You also visited: Ossuary.

You collected 656 gold pieces.

Inventory:

Missiles
 a - 118 arrows
 d - 2 tomahawks of dispersal
 h - 8 javelins
 t - 7 large rocks (quivered)
 I - 13 tomahawks
Armour
 o - a cursed +0 cloak (worn)
 s - a cursed +1 robe of fire resistance (worn)
Jewellery
 g - an uncursed amulet of rage
 n - a cursed amulet of regeneration (around neck)
 w - a +1 ring of protection
 x - a cursed ring of protection from cold (left claw)
 B - the cursed ring "Onerymak" (right claw) {Str+3 Int+2}
   (You found it on level 10 of the Dungeon)

   [ring of strength]

   It affects your strength (+3).
   It affects your intelligence (+2).
   It has a curse placed upon it.
 M - an uncursed amulet of guardian spirit
Wands
 p - a wand of paralysis (20/24)
 v - a wand of flame (16/48)
 D - a wand of lightning (14/15)
 J - a wand of digging (12/24)
 L - a wand of flame (24/48)
Scrolls
 e - 2 scrolls of magic mapping
 j - a scroll of teleportation
 q - a scroll of identify
 u - 2 scrolls of blinking
 y - a scroll of random uselessness
 z - 3 scrolls of remove curse
 A - a scroll of fear
 E - 2 scrolls of enchant weapon
 H - a scroll of recharging
Potions
 b - 2 potions of heal wounds
 i - a potion of brilliance
 l - a potion of agility
 r - 2 potions of invisibility
 C - 2 potions of might
 F - a potion of curing
 G - a potion of haste
Books
 c - a book of Changes

   Spells                             Type                      Level
   a - Beastly Appendage              Transmutation                1
   b - Sticks to Snakes               Transmutation                2
   c - Spider Form                    Transmutation/Poison         3
   d - Ice Form                       Ice/Transmutation            4
   e - Blade Hands                    Transmutation                5
Comestibles
 f - 4 meat rations
 k - 3 royal jellies
 m - 37 fruits
 K - a bread ration
 N - a chunk of flesh


   Skills:
 + Level 9.2 Fighting
 * Level 6.8 Throwing
 - Level 7.8 Dodging
 - Level 8.1 Unarmed Combat
 - Level 1.2 Spellcasting
 - Level 1.3 Transmutations


You had 8 spell levels left.
You knew the following spells:

 Your Spells              Type           Power        Failure   Level  Hunger
a - Beastly Appendage     Tmut           #.....       14%         1    ##.....
b - Spider Form           Tmut/Pois      #.........   50%         3    ####...


Dungeon Overview and Level Annotations

Branches:
Dungeon (11/15)            Temple (1/1) D:7            Lair (0/6) D:8
    Orc: D:9-12

Altars:
Ashenzari
Cheibriados
Dithmenos
Elyvilon
Fedhas
Gozag
Hepliaklqana
Kikubaaqudgha
Makhleb
Nemelex Xobeh
Okawaru
Qazlal
Ru
Sif Muna
Trog
Uskayaw
Vehumet
Xom
Yredelemnul
Zin
The Shining One

Shops:
D:6 (


Innate Abilities, Weirdness & Mutations

You are too large for most types of armour.
You have claws for hands.
Your metabolism is lightning-fast.
You like to eat raw meat.
Your natural rate of healing is unusually fast.
You are covered in fur. (AC +1)
You have very tough skin. (AC +2)
You have sharp toenails.
You possess an exceptional clarity of mind.


Message History

The shadow is lightly damaged.
The shadow hits you!
* * * LOW HITPOINT WARNING * * *
You scratch the shadow. You claw the shadow, but do no damage.
The shadow is lightly damaged.
The shadow slips into darkness.
The shadow flickers and vanishes!
Deactivating autopickup; reactivate with Ctrl-A.
You claw something!
The shadow strikes at you from the darkness!
* * * LOW HITPOINT WARNING * * *
Reactivating autopickup.
You scratch the shadow. Your kick misses the shadow.
The shadow is severely damaged.
The shadow slips into darkness.
The shadow flickers and vanishes!
Deactivating autopickup; reactivate with Ctrl-A.
You closely miss something. Your kick misses something.
The shadow strikes at you from the darkness!
You die...

......# ##..## #...###
......# ##.# #.....
......#######.####....
....<.+...............
......#######..###..#
##.#### ##.# #W(# ...#
#.###..# ####
#####..##..#
........@{W.#
#######.###.# .... .#
####.# .# .# .# ∩ ..
.# #. .#


You could see a phantom.

Vanquished Creatures
  Erica (D:11)
  A two-headed ogre (D:8)
  Urug (D:10)
  The ghost of vatarom the Summoner, a novice MfSu of Ashenzari (D:8)
  A cyclops (D:11)
  The ghost of Chisa the Skirmisher, an amateur TrMo (D:4)
  2 trolls (D:9)
  A hippogriff (D:8)
  Sigmund (D:6)
  4 yaks (D:10)
  2 hungry ghosts (D:8)
  3 orc warriors (D:8)
  Duvessa (D:4)
  3 ice beasts
  2 phantoms
  2 black bears
  4 ogres
  2 sky beasts (D:7)
  An eye of draining (D:9)
  A necrophage (D:10)
  3 centaurs
  A crocodile (D:11)
  3 big kobolds (D:9)
  4 bullfrogs
  Dowan (D:4)
  3 water moccasin zombies (Ossuary)
  A scorpion (D:8)
  11 wights
  4 crimson imps
  2 centaur zombies
  2 bullfrog zombies
  3 jellies
  A quasit (D:6)
  6 hounds
  2 bullfrog skeletons
  A gnoll shaman (D:4)
  7 orc priests
  8 orc wizards
  2 iguanas
  7 worker ants
  4 big kobold zombies (Ossuary)
  2 hound zombies
  2 mummies (Ossuary)
  A howler monkey zombie (D:9)
  A worker ant zombie (D:6)
  7 gnolls
  5 adders
  7 adder zombies
  An adder skeleton (D:7)
  2 worms (D:2)
  6 leopard geckos
  46 orcs
  4 giant cockroaches
  6 gnoll zombies (Ossuary)
  12 goblins
  3 hobgoblins
  15 jackals
  2 quokkas (D:8)
  2 ball pythons
  9 bats
  4 frilled lizards
  4 hobgoblin zombies (Ossuary)
  2 jackal skeletons
  11 kobolds
  A kobold zombie (Ossuary)
  8 orc zombies (Ossuary)
  7 rats
281 creatures vanquished.

Vanquished Creatures (others)
  A wizard (D:3)
1 creature vanquished.

Grand Total: 282 creatures vanquished

Notes
Turn   | Place    | Note
-------+----------+-------------------------------------------
     0 | D:1      | vatarom the Troll Transmuter began the quest for the Orb.
     0 | D:1      | Reached XP level 1. HP: 18/18 MP: 1/1
    19 | D:1      | Reached skill level 1 in Fighting
    81 | D:1      | Reached XP level 2. HP: 23/27 MP: 2/2
   451 | D:1      | Reached XP level 3. HP: 35/35 MP: 3/3
   766 | D:2      | Reached skill level 2 in Fighting
   904 | D:2      | Reached XP level 4. HP: 21/42 MP: 4/4
  1829 | D:3      | Reached XP level 5. HP: 50/52 MP: 5/5
  2175 | D:3      | Found a bloodstained altar of Trog.
  2176 | D:3      | Noticed a wizard
  2182 | D:3      | Killed a wizard
  2369 | D:4      | Reached skill level 3 in Fighting
  2404 | D:4      | Noticed Duvessa
  2406 | D:4      | Noticed Dowan
  2424 | D:4      | Killed Duvessa
  2424 | D:4      | Reached skill level 5 in Unarmed Combat
  2424 | D:4      | Reached XP level 6. HP: 52/61 MP: 6/6
  2432 | D:4      | Killed Dowan
  2472 | D:4      | Reached skill level 4 in Fighting
  2497 | D:4      | Found a shadowy altar of Dithmenos.
  2500 | D:4      | Found a white marble altar of Elyvilon.
  2500 | D:4      | Found a sacrificial altar of Ru.
  2553 | D:4      | Found an ancient bone altar of Kikubaaqudgha.
  2616 | D:4      | Noticed Chisa's ghost (amateur TrMo)
  2633 | D:4      | Gained mutation: You possess an exceptional clarity of mind. [potion of mutation]
  2633 | D:4      | Gained mutation: You have sharp toenails. [potion of mutation]
  2650 | D:4      | Killed Chisa's ghost
  2650 | D:4      | Reached XP level 7. HP: 40/71 MP: 7/7
  2898 | D:4      | Reached skill level 5 in Fighting
  3156 | D:5      | Entered Level 5 of the Dungeon
  3172 | D:5      | Reached XP level 8. HP: 66/80 MP: 8/8
  3698 | D:5      | Got a translucent dagger
  3699 | D:5      | Identified the cursed +2 dagger "Giantbane" {flame, Str-4 Dex+4} (You found it on level 5 of the Dungeon)
  4019 | D:6      | Reached skill level 6 in Fighting
  4163 | D:6      | Noticed Sigmund
  4170 | D:6      | Killed Sigmund
  4248 | D:6      | Found Raxkaogg's Antique Weapon Emporium.
  4481 | D:7      | Found a sand-covered staircase.
  4497 | Ossuary  | Entered an ossuary
  4557 | Ossuary  | Reached XP level 9. HP: 92/92 MP: 9/9
  4921 | D:7      | Reached skill level 7 in Fighting
  4955 | D:7      | Reached skill level 5 in Dodging
  4989 | D:7      | Found a staircase to the Ecumenical Temple.
  5007 | Temple   | Entered the Ecumenical Temple
  5012 | Temple   | Became a worshipper of Ashenzari the Shackled
  5110 | D:8      | Noticed vatarom's ghost (novice MfSu)
  5113 | D:8      | Noticed a two-headed ogre
  5154 | D:8      | Found a stormy altar of Qazlal.
  5168 | D:8      | Found a staircase to the Lair.
  5606 | D:8      | Killed vatarom's ghost
  5606 | D:8      | Reached XP level 10. HP: 30/104 MP: 10/10
  5848 | D:8      | Killed a two-headed ogre
  5848 | D:8      | Reached skill level 8 in Fighting
  5948 | D:8      | Reached skill level 1 in Throwing
  5960 | D:8      | Found an opulent altar of Gozag.
  6403 | D:9      | Found a shimmering altar of Xom.
  6571 | D:9      | Found an iron altar of Okawaru.
  7021 | D:10     | Entered Level 10 of the Dungeon
  7164 | D:10     | Reached * piety under Ashenzari
  7174 | D:10     | Reached skill level 5 in Throwing
  7256 | D:10     | Learned a level 3 spell: Spider Form
  7374 | D:10     | Noticed Urug
  7401 | D:10     | Killed Urug
  7401 | D:10     | Reached skill level 9 in Fighting
  7401 | D:10     | Reached XP level 11. HP: 57/115 MP: 11/11
  7521 | D:10     | Identified the ring "Onerymak" {Str+3 Int+2}
  7718 | D:11     | Noticed Erica
  7728 | D:11     | Killed Erica
  7808 | D:11     | Mangled by a shadow

Skill      XL: |  1  2  3  4  5  6  7  8  9 10 |
---------------+-------------------------------+-----
Fighting       | 1 2 3 4 5 6 7 9 |  9.2
Unarmed Combat | 4 5 6 7 8 |  8.1
Dodging        | 3 7 |  7.8
Throwing       | 6 |  6.8
Spellcasting   | |  1.2
Transmutations | |  1.3

Action                   |  1- 3 |  4- 6 |  7- 9 | 10-12 || total
-------------------------+-------+-------+-------+-------++-------
Melee: Unarmed           |   114 |   178 |   213 |   276 ||   781
       Punch             |     2 |     3 |     4 |     4 ||    13
       Kick              |       |       |    72 |    66 ||   138
       Great mace        |       |       |   117 |    13 ||   130
Throw: Large rock        |       |       |       |     1 ||     1
Invok: Curse Item        |       |       |       |     5 ||     5
 Abil: Evoke Berserk Rag |     1 |       |       |       ||     1
  Use: Scroll            |     3 |     1 |    11 |     4 ||    19
       Potion            |       |     6 |     3 |     7 ||    16
 Stab: Sleeping          |       |     1 |       |       ||     1
       Paralysed         |       |       |     2 |       ||     2
  Eat: Chunk             |    15 |    16 |    12 |    25 ||    68
       Bread ration      |       |       |     7 |       ||     7
       Meat ration       |       |       |     2 |       ||     2
Armor: Robe              |    46 |    65 |   158 |    65 ||   334
       Skin              |       |    13 |       |     3 ||    16
Dodge: Dodged            |    69 |    74 |   261 |   155 ||   559
